 Dungeon Crawl Stone Soup version 0.27-a0-412-g8dd771e (webtiles) character file.

Game seed: 5784368252663681628

246 MrTaco21 the Cudgeller (level 6, -2/37 HPs)
             Began as a Gargoyle Fighter on Feb 23, 2021.
             Killed from afar by an orc wizard (7 damage)
             ... with a magic dart
             ... on level 3 of the Dungeon.
             The game lasted 00:03:12 (2588 turns).

MrTaco21 the Cudgeller (Gargoyle Fighter)           Turns: 2588, Time: 00:03:13

Health: -2/37      AC: 13    Str: 21    XL:     6   Next: 11%
Magic:  15/15      EV:  7    Int:  9    God:
Gold:   118        SH:  9    Dex: 15    Spells: 5/5 levels left

rFire    . . .     SeeInvis .   a - +0 flail
rCold    . . .     Faith    .   c - +0 kite shield
rNeg     + . .     Spirit   .   b - +0 scale mail
rPois    ∞         Reflect  .   (no helmet)
rElec    +         Harm     .   l - +0 cloak
rCorr    .         Rampage  .   (no gloves)
Will     .....                  o - +0 pair of boots
Stlth    ..........             m - amulet of the acrobat
HPRegen  0.12/turn              s - ring of magical power
MPRegen  0.14/turn              u - +6 ring of dexterity

@: no status effects
A: negative energy resistance 1, electricity resistance, unbreathing,
petrification resistance, miasma immunity, AC +4
a: no special abilities


You were on level 3 of the Dungeon.
You visited 1 branch of the dungeon, and saw 3 of its levels.

You collected 118 gold pieces.

Inventory:

Hand Weapons
 a - a +0 flail (weapon)
Armour
 b - a +0 scale mail (worn)
 c - a +0 kite shield (worn)
 l - a +0 cloak (worn)
   (You found it on level 1 of the Dungeon)
 o - a +0 pair of boots (worn)
   (You found it on level 2 of the Dungeon)
Jewellery
 m - an amulet of the acrobat (around neck)
   (You found it on level 1 of the Dungeon)
 s - a ring of magical power (left hand)
   (You found it on level 2 of the Dungeon)
 u - a +6 ring of dexterity (right hand)
   (You found it on level 3 of the Dungeon)
Scrolls
 e - a scroll of teleportation {unknown}
 f - 5 scrolls of identify {unknown}
 h - 2 scrolls of enchant weapon {unknown}
 k - a scroll of amnesia {unknown}
 n - a scroll of blinking {unknown}
 p - a scroll of magic mapping {unknown}
 q - a scroll of enchant armour {unknown}
 r - 2 scrolls of noise {unknown}
 t - a scroll of immolation {unknown}
Potions
 d - a potion of might
 g - 4 potions of curing {unknown}
 i - a potion of haste {unknown}
 j - a potion of resistance {unknown}
 v - a potion of cancellation {unknown}


   Skills:
 - Level 3.2 Fighting
 + Level 6.2 Maces & Flails
 - Level 3.2 Armour
 - Level 3.2 Shields


You had 5 spell levels left.
You didn't know any spells.
Your spell library was empty.

Dungeon Overview and Level Annotations

Branches:
Dungeon (3/15)

Altars:


Innate Abilities, Weirdness & Mutations

You are resistant to torment.
Your stone body is resilient. (AC +4)
You are immune to poison.
You resist negative energy. (rN+)
You are resistant to electric shocks. (rElec)
You can survive without breathing.
You are immune to petrification.
You are immune to miasma.


Message History

You hit the rat.
You kill the rat!
You sock the orc!
You kill the orc!
You hit the orc priest.
The orc priest invokes the aid of Beogh against you.
You barely resist. The orc hits you but does no damage.
You closely miss the orc priest.
The orc priest invokes the aid of Beogh against you.
Beogh smites you!
* * * LOW HITPOINT WARNING * * *
You sock the orc priest!
You kill the orc priest!
You have reached level 6!
Your experience leads to an increase in your attributes!
Your base attributes are Str 20, Int 9, Dex 9.
Increase (S)trength, (I)ntelligence, or (D)exterity?
You feel stronger.
Unknown command.
You barely miss something. Something hits you but does no damage.
The orc closely misses you. Something hits you but does no damage.
You miss something. The orc hits you but does no damage.
Something hits you but does no damage.
You miss something. The orc barely misses you. Something hits you.
* * * LOW HITPOINT WARNING * * *
You closely miss the orc. The orc barely misses you.
Something hits you but does no damage. The orc hits you but does no damage.
Something hits you but does no damage.
You closely miss the orc. You block the orc's attack.
You block something's attack.
Unknown command.
You hit the orc. You block the orc's attack.
Something hits you but does no damage.
You closely miss the orc. You block the orc's attack.
You hear some strange, mumbled words.
A puff of flame appears from out of thin air!
The puff of flame hits you!
* * * LOW HITPOINT WARNING * * *
You block the orc's attack. Something hits you but does no damage.
You hit the orc.
You kill the orc!
You hear some strange, mumbled words.
A magic dart appears from out of thin air!
The magic dart hits you!
You die...

# ########
##############......# ..
....##......##......#...
....##..............#...
........................
....##..................
#..........###..........
#..........#...........#
#..........#...{@.#.....
...........#...†####....
...........#####)o......
...†.........o..o.......
........#.....o#........
...######...g{o#........
...# ....o....##.....
...# .........# ..###
...# .......... ##


There were no monsters in sight!

Vanquished Creatures
  A hound (D:2)
  An orc priest (D:3)
  A hound zombie (D:3)
  4 gnolls (D:3)
  5 adders
  2 oozes
  5 dart slugs
  2 leopard geckos
  4 orcs (D:3)
  6 bats
  3 giant cockroaches
  9 goblins
  8 hobgoblins
  5 kobolds
  2 quokkas (D:2)
  5 frilled lizards
  9 rats
72 creatures vanquished.

Notes
Turn   | Place    | Note
-------+----------+-------------------------------------------
     0 | D:1      | MrTaco21 the Gargoyle Fighter began the quest for the Orb.
     0 | D:1      | Reached XP level 1. HP: 14/14 MP: 1/1
   353 | D:1      | Reached XP level 2. HP: 18/19 MP: 2/2
   409 | D:1      | Reached skill level 3 in Maces & Flails
   564 | D:1      | Reached XP level 3. HP: 9/23 MP: 3/3
  1505 | D:2      | Reached skill level 4 in Maces & Flails
  1505 | D:2      | Reached XP level 4. HP: 28/28 MP: 4/4
  1704 | D:2      | Reached skill level 5 in Maces & Flails
  1800 | D:2      | Reached XP level 5. HP: 32/32 MP: 5/5
  2569 | D:3      | Reached skill level 6 in Maces & Flails
  2581 | D:3      | Reached XP level 6. HP: 13/37 MP: 6/6
  2588 | D:3      | Killed from afar by an orc wizard

Illustrated notes

Levels and vault maps discovered:
D:1:      kennysheep_arrival_forest, layout_basic
D:2:      layout_rooms, minmay_circle_x
D:3:      layout_basic, nicolae_overflow_hidden_temple, elyvilon_altar_3,
          kennysheep_boxes, uniq_ijyb, uniq_natasha

Skill      XL: |  1  2  3  4  5 |
---------------+----------------+-----
Maces & Flails | 3 4 5 6 |  6.2
Fighting       | |  3.2
Armour         | |  3.2
Shields        | |  3.2

Action                   |  1- 3 |  4- 6 || total
-------------------------+-------+-------++-------
Melee: Flail             |   147 |   151 ||   298
Armor: Scale mail        |    94 |   106 ||   200
Dodge: Dodged            |    58 |    59 ||   117
Block: Kite shield       |   110 |    97 ||   207

Table legend: (Time is in decaauts)
 A = Elapsed time spent in this place.
 B = Non-inter-level travel time spent in this place.
 C = Inter-level travel time spent in this place.
 D = Time resting spent in this place.
 E = Time spent auto-exploring this place.
 F = Levels seen in this place.
 G = Mean time per level.
                   A        B        C        D        E       F      G
               +--------+--------+--------+--------+--------+-----+--------+
         Total |   2715 |   2642 |     73 |    190 |   1783 |   3 |  905.0 |
       Dungeon |   2715 |   2642 |     73 |    190 |   1783 |   3 |  905.0 |
               +--------+--------+--------+--------+--------+-----+--------+

Top non-repeatable levels by time:
     D:1: 1526 daAuts
     D:2: 755 daAuts
     D:3: 434 daAuts
